 Dungeon Crawl Stone Soup version 0.29-a0-838-g385bb11a5b (webtiles) character file.

Game seed: 8032442518816209337

203 Hubris850 the Chiller (level 5, -11/36 (38) HPs)
             Began as a Gnoll Ice Elementalist on July 13, 2022.
             Was an Initiate of Ashenzari.
             Mangled by a wight
             ... wielding a +5 flail
              (15 damage)
             ... on level 4 of the Dungeon.
             The game lasted 00:06:47 (1302 turns).

Hubris850 the Chiller (Gnoll Ice Elementalist)      Turns: 1302, Time: 00:06:48

HP:   -11/36 (38)   AC:  9    Str:  8    XL:     5   Next: 81%
MP:   4/12          EV: 13    Int: 16    God:    Ashenzari [......]
Gold: 47            SH:  0    Dex: 12    Spells: 7/14 levels left

rFire   . . .      SeeInvis .   f - +0 rapier
rCold   . . .      Faith    .   (no shield)
rNeg    . . .      Spirit   .   a - +0 robe
rPois   .          Reflect  .   (no helmet)
rElec   .          Harm     .   (no cloak)
rCorr   .          Rampage  .   (no gloves)
Will    .....                   (no boots)
Stlth   +++.......              (no amulet)
HPRegen 0.12/turn               (no ring)
MPRegen 0.13/turn               (no ring)

@: ice-armoured, drained
A: fangs 1, strong nose, distributed training
a: Renounce Religion


You were on level 4 of the Dungeon.
You worshipped Ashenzari.
Ashenzari was noncommittal.
You visited 2 branches of the dungeon, and saw 6 of its levels.

You collected 47 gold pieces.

Inventory:

Hand Weapons
 f - a +0 rapier (weapon)
Missiles
 j - 5 poisoned darts
Armour
 a - a +0 robe (worn)
Scrolls
 c - a scroll of teleportation {unknown}
 d - a scroll of vulnerability {unknown}
 e - 3 scrolls of identify {unknown}
 g - a scroll of enchant armour {unknown}
Potions
 b - 2 potions of magic
 h - a potion of lignification {unknown}
 i - 2 potions of mutation {unknown}


   Skills:
 + Level 1.7 Fighting
 + Level 1.7 Short Blades
 + Level 1.7 Long Blades
 + Level 1.7 Axes
 + Level 1.7 Maces & Flails
 + Level 1.7 Polearms
 + Level 1.7 Staves
 + Level 1.7 Ranged Weapons
 + Level 1.7 Throwing
 + Level 1.7 Armour
 + Level 4.9 Dodging
 + Level 4.5 Stealth
 + Level 1.7 Shields
 + Level 1.7 Unarmed Combat
 + Level 5.3 Spellcasting
 + Level 1.3 Conjurations
 + Level 1.3 Hexes
 + Level 1.3 Summonings
 + Level 1.3 Necromancy
 + Level 1.3 Translocations
 + Level 1.3 Transmutations
 + Level 1.3 Fire Magic
 + Level 7.2 Ice Magic
 + Level 1.3 Air Magic
 + Level 1.3 Earth Magic
 + Level 1.3 Poison Magic
 + Level 2.0 Invocations
 + Level 1.7 Evocations


You had 7 spell levels left.
You knew the following spells:

 Your Spells              Type           Power      Damage    Failure   Level
a - Freeze                Ice            100%       1d11      1%          1
b - Frozen Ramparts       Ice            54%        1d7       2%          3
c - Ozocubu's Armour      Ice            27%        N/A       2%          3

Your spell library contained the following spells:

 Spells                   Type           Power      Damage    Failure   Level
 Hailstorm                Conj/Ice       18%        3d6       26%         4


Dungeon Overview and Level Annotations

Branches:
Dungeon (5/15)             Temple (1/1) D:4

Altars:
Ashenzari
Elyvilon
Kikubaaqudgha
Okawaru
Vehumet
Wu Jian
Yredelemnul
Zin


Innate Abilities, Weirdness & Mutations

You have very sharp teeth.
Your uncanny sense of smell can sniff out nearby items.
Your experience applies equally to all skills.


Message History

The wight resists.
The wall freezes the wight.
The wight misses you.
You closely miss the wight.
The wight is moderately damaged.
The wight completely resists.
The wall freezes the wight but does no damage.
The wight hits you with a +5 flail!
The wight resists.
The wall freezes the wight.
The wight hits you with a +5 flail.
You hit the wight.
The wight is heavily damaged.
The frozen ramparts melt away.
The wight completely misses you.
You hit the wight.
The wight is severely damaged.
The wight barely misses you.
You barely miss the wight.
The wight is severely damaged.
The wight misses you.
You hit the wight but do no damage.
The wight is severely damaged.
The wight hits you but does no damage.
You closely miss the wight. Your bite misses the wight.
The wight is severely damaged.
The wight misses you.
You hit the wight but do no damage.
The wight is severely damaged.
The wight barely misses you.
You hit the wight.
The wight is severely damaged.
The wight closely misses you.
You barely miss the wight.
The wight is severely damaged.
The wight hits you with a +5 flail.
* * * LOW HITPOINT WARNING * * *
You barely miss the wight. Your bite misses the wight.
The wight is severely damaged.
The wight hits you with a +5 flail.
* * * LOW HITPOINT WARNING * * *
You feel drained.
* * * LOW HITPOINT WARNING * * *
The wight hits you with a +5 flail!
You die...

....
#......###.#
...... #.#
#.......# #
..... +.+
#.......#
..... #.#
#.......# +.+
#.......# #.#
#.......# +.+
#......##
###.###.....##
#.z@'_#.#####
###.###.#
#.†.'.#.#
###.###.#
#'###.#
#.#8#.#
#.....#
#######


You could see a wight.

Vanquished Creatures
  A necrophage (D:4)
  A human zombie (D:4)
  An orc priest (D:3)
  An iguana (D:4)
  A mummy (D:4)
  An adder (D:4)
  A dart slug (D:3)
  4 orcs (D:3)
  2 bats
  5 endoplasms
  2 giant cockroaches
  2 goblins
  3 hobgoblins
  3 kobolds
  2 ball pythons
  2 frilled lizards
  A rat (D:1)
33 creatures vanquished.

Notes
Turn   | Place    | Note
-------+----------+-------------------------------------------
     0 | D:1      | Hubris850 the Gnoll Ice Elementalist began the quest for
                  | the Orb.
     0 | D:1      | Reached XP level 1. HP: 13/13 MP: 6/6
   150 | D:1      | Reached XP level 2. HP: 19/19 MP: 7/7
   360 | D:3      | Reached skill level 5 in Spellcasting
   360 | D:3      | Reached XP level 3. HP: 24/25 MP: 7/9
   364 | D:3      | Learned a level 3 spell: Frozen Ramparts
   373 | D:3      | Reached skill level 1 in Fighting
   373 | D:3      | Reached skill level 1 in Short Blades
   373 | D:3      | Reached skill level 1 in Long Blades
   373 | D:3      | Reached skill level 1 in Axes
   373 | D:3      | Reached skill level 1 in Maces & Flails
   373 | D:3      | Reached skill level 1 in Polearms
   373 | D:3      | Reached skill level 1 in Staves
   373 | D:3      | Reached skill level 1 in Ranged Weapons
   373 | D:3      | Reached skill level 1 in Throwing
   373 | D:3      | Reached skill level 1 in Armour
   373 | D:3      | Reached skill level 1 in Shields
   373 | D:3      | Reached skill level 1 in Unarmed Combat
   373 | D:3      | Reached skill level 1 in Invocations
   373 | D:3      | Reached skill level 1 in Evocations
   376 | D:3      | Reached XP level 4. HP: 27/32 MP: 2/11
   539 | D:5      | Entered Level 5 of the Dungeon
   564 | D:4      | Reached skill level 1 in Conjurations
   564 | D:4      | Reached skill level 1 in Hexes
   564 | D:4      | Reached skill level 1 in Summonings
   564 | D:4      | Reached skill level 1 in Necromancy
   564 | D:4      | Reached skill level 1 in Translocations
   564 | D:4      | Reached skill level 1 in Transmutations
   564 | D:4      | Reached skill level 1 in Fire Magic
   564 | D:4      | Reached skill level 1 in Air Magic
   564 | D:4      | Reached skill level 1 in Earth Magic
   564 | D:4      | Reached skill level 1 in Poison Magic
   571 | D:4      | Learned a level 3 spell: Ozocubu's Armour
   793 | D:4      | Found a staircase to the Ecumenical Temple.
   810 | Temple   | Entered the Ecumenical Temple
   888 | Temple   | Became a worshipper of Ashenzari the Shackled
  1221 | D:4      | Noticed a necrophage
  1224 | D:4      | Killed a necrophage
  1225 | D:4      | Reached XP level 5. HP: 33/37 MP: 5/12
  1259 | D:4      | Found an ancient bone altar of Kikubaaqudgha.
  1302 | D:4      | Mangled by a wight

Illustrated notes

Levels and vault maps discovered:
D:1:      heliophobic_arrival_dark_side_of_the_moon, layout_basic,
          hellmonk_ecumenical_altar_run_dry, minmay_tree_intersection,
          minivault_27, minmay_misc_feat_columns
D:2:      layout_loops_corners, serial_co_window_serial, co_window_paths_a,
          co_window_paths_a, co_window_paths_a, co_window_of_opportunity_a,
          co_window_of_opportunity_a, co_window_2corner, co_window_corner_ca,
          co_window_broadway_c, co_window_broadway_b, co_window_4corner_a,
          glass_columns_c, glass_columns_b, reono_crystal_passage,
          uniq_crazy_yiuf_cottage
D:3:      layout_basic, serial_co_window_serial, co_window_paths_b,
          co_window_paths_a, co_window_paths_a, co_window_cross_1,
          co_window_paths_b, co_window_of_opportunity_a,
          co_window_of_opportunity_a, co_window_of_opportunity_a,
          co_window_of_opportunity_a, co_window_of_opportunity_b,
          co_window_2corner, co_window_cross_4, co_window_corner_b,
          co_window_paths_c, co_window_cross_2, co_window_4corner_b,
          serial_park_tiny_pond
D:4:      layout_rooms, nicolae_gozag_seed_capital,
          lemuel_mausoleum_altar_kikubaaqudgha,
          minmay_temple_entry_stoned_glass, grunt_decor_clamped, uniq_robin
D:5:      layout_basic, nzn_hepliaklqana_mist_gate
Temple:   dpeg_chambers_temple

Skill      XL: |  1  2  3  4  5 |
---------------+----------------+-----
Spellcasting   | 5 |  5.3
Fighting       | 1 |  1.7
Short Blades   | 1 |  1.7
Long Blades    | 1 |  1.7
Axes           | 1 |  1.7
Maces & Flails | 1 |  1.7
Polearms       | 1 |  1.7
Staves         | 1 |  1.7
Ranged Weapons | 1 |  1.7
Throwing       | 1 |  1.7
Armour         | 1 |  1.7
Shields        | 1 |  1.7
Unarmed Combat | 1 |  1.7
Invocations    | 1 2 |  2.0
Evocations     | 1 |  1.7
Conjurations   | 1 |  1.3
Hexes          | 1 |  1.3
Summonings     | 1 |  1.3
Necromancy     | 1 |  1.3
Translocations | 1 |  1.3
Transmutations | 1 |  1.3
Fire Magic     | 1 |  1.3
Air Magic      | 1 |  1.3
Earth Magic    | 1 |  1.3
Poison Magic   | 1 |  1.3
Dodging        | |  4.9
Stealth        | |  4.5
Ice Magic      | |  7.2

Action                   |  1- 3 |  4- 6 || total
-------------------------+-------+-------++-------
Melee: Rapier            |    32 |    59 ||    91
       Bite              |     2 |     5 ||     7
 Cast: Freeze            |     8 |     2 ||    10
       Frozen Ramparts   |     2 |     7 ||     9
       Ozocubu's Armour  |       |     4 ||     4
 Stab: Sleeping          |     4 |     1 ||     5
Armor: Robe              |     2 |    11 ||    13
Dodge: Dodged            |    15 |    24 ||    39

Table legend: (Time is in decaauts)
 A = Elapsed time spent in this place.
 B = Non-inter-level travel time spent in this place.
 C = Inter-level travel time spent in this place.
 D = Time resting spent in this place.
 E = Time spent auto-exploring this place.
 F = Levels seen in this place.
 G = Mean time per level.
                   A        B        C        D        E       F      G
               +--------+--------+--------+--------+--------+-----+--------+
         Total |   1314 |   1286 |     28 |    522 |     87 |   6 |  219.0 |
       Dungeon |   1209 |   1208 |      1 |    522 |     24 |   5 |  241.8 |
        Temple |    105 |     78 |     27 |      0 |     63 |   1 |  105.0 |
               +--------+--------+--------+--------+--------+-----+--------+

Top non-repeatable levels by time:
     D:4: 717 daAuts
     D:1: 252 daAuts
     D:3: 207 daAuts
  Temple: 105 daAuts
     D:2: 30 daAuts
     D:5: 1 daAuts
